 Dungeon Crawl Stone Soup version 0.24-a0-312-g16217b4 (webtiles) character file.

Game seed: 8143663497338431596

1270 mhoghedin the Magician (level 8, -3/57 HPs)
             Began as a Mummy Wizard on May 15, 2019.
             Slain by a water moccasin skeleton (8 damage)
             ... on level 5 of the Dungeon.
             The game lasted 00:14:33 (6066 turns).

mhoghedin the Magician (Mummy Wizard)               Turns: 6066, Time: 00:14:34

Health: -3/57      AC:  7    Str: 10    XL:     8   Next: 28%
Magic:  14/17      EV: 12    Int: 19    God:
Gold:   256        SH:  0    Dex: 11    Spells: 8/19 levels left

rFire    x . .     SeeInvis .   r - +1 short sword (speed)
rCold    + . .     Gourm    .   (no shield)
rNeg     + + +     Faith    .   a - +0 robe
rPois    ∞         Spirit   .   h - +2 helmet
rElec    .         Reflect  .   t - +1 cloak
rCorr    +         Harm     .   (no gloves)
MR       +....                  (no boots)
Stlth    ++........             (no amulet)
HPRegen  0.19/turn              c - ring of resist corrosion
MPRegen  0.15/turn              s - +4 ring of slaying

@: no status effects
A: no food or potions, fire vulnerability, cold resistance 1, negative energy
resistance 3, torment resistance, unbreathing
a: no special abilities


You were on level 5 of the Dungeon.
You were not hungry.

You visited 1 branch of the dungeon, and saw 5 of its levels.
You also visited: Sewer.

You collected 256 gold pieces.

Inventory:

Hand Weapons
 e - a +0 club
   (You took it off a kobold on level 1 of the Dungeon)
 g - a +0 dagger
   (You took it off a goblin on level 1 of the Dungeon)
 p - a +0 dagger of speed
   (You found it on level 3 of the Dungeon)
 r - a +1 short sword of speed (weapon)
   (You took it off a big kobold in a sewer)
Armour
 a - a +0 robe (worn)
 b - a +0 hat
 h - a +2 helmet (worn)
   (You found it on level 1 of the Dungeon)
 i - a +0 buckler
   (You found it on level 3 of the Dungeon)
 t - a +1 cloak (worn)
   (You found it on level 4 of the Dungeon)
Jewellery
 c - a ring of resist corrosion (left hand)
   (You found it on level 1 of the Dungeon)
 n - an uncursed ring of ice {rC+, rF-}
   (You found it on level 3 of the Dungeon)
 s - a +4 ring of slaying (right hand)
   (You found it on level 4 of the Dungeon)
Wands
 m - a wand of iceblast (3)
   (You found it on level 2 of the Dungeon)
 o - a wand of digging (4)
   (You took it off Ijyb on level 3 of the Dungeon)
 u - a wand of flame (10)
   (You found it on level 4 of the Dungeon)
Scrolls
 d - 8 scrolls of teleportation
 f - a scroll of blinking {!r}
 j - 5 scrolls of identify
 k - a scroll of immolation {!r}
 l - 2 scrolls of remove curse
 q - 2 scrolls of magic mapping {!r}


   Skills:
 - Level 2.3 Fighting
 + Level 2.7 Short Blades
 - Level 1.5 Dodging
 + Level 4.3 Stealth
 - Level 6.2 Spellcasting
 - Level 4.0 Conjurations
 - Level 2.0 Summonings
 - Level 0.7 Translocations
 - Level 2.8 Fire Magic


You had 8 spell levels left.
You knew the following spells:

 Your Spells              Type           Power        Failure   Level  Hunger
a - Magic Dart            Conj           ###.         2%          1    N/A
b - Blink                 Tloc           N/A          12%         2    N/A
c - Call Imp              Summ           ##......     8%          2    N/A
d - Conjure Flame         Conj/Fire      ###.....     9%          3    N/A
x - Mephitic Cloud        Conj/Pois/Air  ##......     19%         3    N/A

Your spell library contained the following spells:

 Spells                   Type           Power        Failure   Level  Hunger
 Slow                     Hex            #.......     17%         2    N/A

Dungeon Overview and Level Annotations

Branches:
Dungeon (5/15)
 Temple: D:4-7

Altars:


Innate Abilities, Weirdness & Mutations

You do not eat or drink.
Your flesh is vulnerable to fire.
You are immune to poison.
Your flesh is cold resistant. (rC+)
You are immune to negative energy. (rN+++)
You are immune to unholy pain and torment.
You can survive without breathing.


Message History

You take 2 damage, and have 45/57 hp.
You hit the phantom. The phantom barely misses you.
You barely miss the phantom. The phantom hits you.
You take 3 damage, and have 42/57 hp.
You hit the phantom. You closely miss the phantom.
The phantom blinks!
You hit the phantom. You barely miss the phantom.
The phantom barely misses you.
You barely miss the phantom. The phantom completely misses you.
You puncture the phantom!
You destroy the phantom!
Your Stealth skill increases to level 4!
No target in view!
No target in view!
No target in view!
You open the door.
There is an open door here.
Found a stone staircase leading up.
You regained 3 hp, and now have 46/57 hp.
An ogre comes into view. It is wielding a +0 giant club.
You regained 2 hp, and now have 48/57 hp.
An adder comes into view.
The helpless ogre fails to defend itself.
You puncture the ogre! The ogre hits you with a +0 giant club!
You take 10 damage, and have 39/57 hp.
You barely miss the ogre.
The adder hisses angrily.
You hit the ogre. The ogre misses you. The adder closely misses you.
Aim: an adder The ball explodes into a vile cloud!
The stinking cloud engulfs the adder but does no damage.
The stinking cloud engulfs you but does no damage.
The stinking cloud engulfs the ogre but does no damage.
You hear a shout!
The adder is engulfed in noxious fumes.
The adder appears confused.
The adder barely misses the ogre.
The ogre hits you but does no damage.
You now have 14/17 mp.
You hit the ogre.
The adder is engulfed in noxious fumes.
The adder appears confused.
You hit the ogre.
The adder is engulfed in noxious fumes.
The adder appears confused.
The ogre barely misses you.
You closely miss the ogre. You barely miss the ogre.
The ogre barely misses you.
You hit the ogre.
You kill the ogre!
A water moccasin skeleton comes into view.
The adder misses you.
You hit the adder but do no damage. You barely miss the adder.
The adder closely misses you.
You barely miss the adder.
A centaur comes into view.
The adder closely misses you.
The centaur shouts!
You puncture the adder!
The centaur wields a +0 shortbow.
The centaur shoots an arrow.
The arrow closely misses you.
You hit the adder.
You kill the adder!
The water moccasin skeleton bites you but does no damage.
The centaur shoots an arrow.
The arrow hits you!
You take 14 damage, and have 28/57 hp.
MASSIVE DAMAGE!!
The water moccasin skeleton barely misses you.
The centaur shoots an arrow.
The arrow closely misses you. The water moccasin skeleton bites you.
The centaur shoots an arrow.
The arrow hits you but does no damage.
You see here an arrow.
The water moccasin skeleton bites you!
You take 7 damage, and have 21/57 hp.
The centaur shoots an arrow.
The arrow hits you. The water moccasin skeleton bites you.
* * * LOW HITPOINT WARNING * * *
You see here an arrow.
You take 4 damage, and have 17/57 hp.
The centaur unwields a +0 shortbow.
The centaur hits you.
* * * LOW HITPOINT WARNING * * *
The centaur hits you but does no damage.
The water moccasin skeleton bites you.
* * * LOW HITPOINT WARNING * * *
You take 5 damage, and have 12/57 hp.
Aim: a centaur The ball explodes into a vile cloud!
The stinking cloud engulfs the centaur but does no damage.
The stinking cloud engulfs you but does no damage.
The centaur is engulfed in noxious fumes.
The centaur appears confused.
The water moccasin skeleton closely misses you.
You now have 13/17 mp.
The centaur is engulfed in noxious fumes.
The centaur appears confused.
The centaur hits you.
* * * LOW HITPOINT WARNING * * *
You take 5 damage, and have 7/57 hp.
The centaur hits you.
* * * LOW HITPOINT WARNING * * *
The water moccasin skeleton barely misses you.
You take 3 damage, and have 4/57 hp.
You can't drink.
The water moccasin skeleton bites you!
You die...

##### ## #.$..###+##.#
............# # #
.........c.##....
........Z@....... #
##...##°...##....
..########○°..##....
.........(.(......./
........(..........?
.........).((.......
....................
........##....##.... #######
...##...##....####+####......


You could see a centaur (confused) and a water moccasin skeleton.

Vanquished Creatures
  Grinder (D:3)
  2 ogres
  A phantom (D:5)
  3 big kobolds (Sewer)
  3 killer bees (D:4)
  2 iguanas
  A worker ant (D:5)
  3 adders
  2 river rats
  3 oozes
  5 worms
  2 dart slugs
  A leopard gecko (D:4)
  4 orcs
  5 ball pythons
  6 bats
  2 giant cockroaches (D:2)
  5 goblins
  7 hobgoblins
  6 jackals
  2 quokkas (D:2)
  A frilled lizard (D:2)
  6 kobolds
  A leopard gecko skeleton (D:4)
  5 rats
79 creatures vanquished.

Vanquished Creatures (collateral kills)
  Sigmund (D:3)
  4 big kobolds (Sewer)
  Ijyb (D:3)
  3 adders
  A river rat (Sewer)
  An ooze (Sewer)
  3 worms
  A dart slug (D:2)
  A leopard gecko (D:2)
  2 orcs (D:3)
  A bat (D:2)
  A giant cockroach (D:3)
  2 goblins (D:2)
  2 kobolds (Sewer)
  A ball python (D:3)
  3 frilled lizards (D:2)
  2 rats
30 creatures vanquished.

Grand Total: 109 creatures vanquished

Notes
Turn   | Place    | Note
-------+----------+-------------------------------------------
     0 | D:1      | mhoghedin the Mummy Wizard began the quest for the Orb.
     0 | D:1      | Reached XP level 1. HP: 13/13 MP: 5/5
   324 | D:1      | HP: 3/13 [goblin (3)]
   587 | D:1      | Reached XP level 2. HP: 19/19 MP: 2/7
   940 | D:1      | Reached skill level 5 in Spellcasting
   944 | D:1      | Learned a level 2 spell: Blink
   947 | D:1      | Learned a level 2 spell: Call Imp
   950 | D:1      | Learned a level 2 spell: Slow
  1323 | D:2      | Reached skill level 1 in Conjurations
  1636 | D:2      | Reached XP level 3. HP: 24/24 MP: 7/9
  1801 | D:2      | Reached skill level 1 in Summonings
  2537 | D:2      | You fall through a shaft!
  2544 | D:3      | Learned a level 3 spell: Conjure Flame
  2548 | D:3      | Learned a level 3 spell: Mephitic Cloud
  2585 | D:3      | Reached XP level 4. HP: 30/30 MP: 11/11
  2606 | D:3      | Reached skill level 2 in Summonings
  2692 | D:3      | HP: 2/30 [river rat (9)]
  2889 | D:3      | Noticed Grinder
  2894 | D:3      | Killed Grinder
  2894 | D:3      | Reached skill level 3 in Conjurations
  2894 | D:3      | Reached skill level 2 in Fire Magic
  2894 | D:3      | Reached XP level 5. HP: 26/35 MP: 12/12
  2894 | D:3      | Reached XP level 6. HP: 30/41 MP: 13/13
  2895 | D:3      | Noticed Ijyb
  2933 | D:3      | Killed Ijyb
  2949 | D:3      | Killed Sigmund
  3083 | D:3      | Found a glowing drain.
  3092 | Sewer    | Entered a sewer
  3587 | Sewer    | Reached skill level 4 in Conjurations
  3922 | Sewer    | Reached XP level 7. HP: 38/46 MP: 8/15
  3931 | Sewer    | Reached skill level 6 in Spellcasting
  4135 | Sewer    | HP: 11/46 [big kobold (5)]
  4138 | Sewer    | Reached skill level 1 in Fighting
  4580 | Sewer    | Reached skill level 1 in Short Blades
  4628 | Sewer    | Reached skill level 2 in Fighting
  5293 | D:4      | Reached skill level 2 in Stealth
  5408 | D:4      | Reached skill level 3 in Stealth
  5434 | D:4      | Reached XP level 8. HP: 36/57 MP: 6/17
  5952 | D:5      | Entered Level 5 of the Dungeon
  5969 | D:5      | Reached skill level 2 in Short Blades
  5999 | D:5      | Reached skill level 4 in Stealth
  6061 | D:5      | HP: 14/57 [centaur (4)]
  6065 | D:5      | HP: 4/57 [centaur (3)]
  6066 | D:5      | Slain by a water moccasin skeleton

Levels and vault maps discovered:
D:1:      mainiacjoe_arrival_reflecting_pool, layout_rooms, minmay_liquid_box
D:2:      layout_basic, nicolae_tso_swordbearing_angel, minmay_misc_feat_doors,
          minmay_stone_trees_medium, minmay_splitting_lines
D:3:      layout_loops_ring, cheibrodos_sewer_entry_sluice, uniq_sigmund,
          uniq_ijyb, uniq_grinder
D:4:      layout_basic, first_ration
D:5:      layout_gridville, minmay_temple_entry_statues_fountains

Skill      XL: |  1  2  3  4  5  6  7  8 |
---------------+-------------------------+-----
Spellcasting   | 5 6 |  6.2
Conjurations   | 1 3 4 |  4.0
Summonings     | 1 2 |  2.0
Fire Magic     | 2 |  2.8
Fighting       | 2 |  2.3
Short Blades   | 1 2 |  2.7
Stealth        | 3 4 |  4.3
Dodging        | |  1.5
Translocations | |  0.7

Action                   |  1- 3 |  4- 6 |  7- 9 || total
-------------------------+-------+-------+-------++-------
Melee: Unarmed           |     5 |       |       ||     5
       Club              |     7 |       |       ||     7
       Dagger            |    91 |   121 |     5 ||   217
       Short sword       |       |       |   169 ||   169
 Cast: Magic Dart        |    74 |    23 |    31 ||   128
       Call Imp          |    16 |    28 |     9 ||    53
       Conjure Flame     |       |     3 |     3 ||     6
       Mephitic Cloud    |       |     1 |     9 ||    10
Evoke: Wand              |       |     5 |       ||     5
  Use: Scroll            |     5 |       |     3 ||     8
 Stab: Distracted        |     1 |       |       ||     1
       Sleeping          |       |     1 |     3 ||     4
       Confused          |       |       |     6 ||     6
Armor: Robe              |    30 |    23 |    21 ||    74
Dodge: Dodged            |   103 |    66 |    83 ||   252

Table legend:
 A = Non-vault XP
 B = Vault XP
 C = Vault XP percentage of total XP
 D = Non-vault monster count
 E = Vault monster count
 F = Vault count percentage of total count
                 A         B        C        D         E       F
            +---------+---------+-------+---------+---------+-------
      Total |     804 |    1011 |  55.7 |      74 |      35 |  32.1
            +---------+---------+-------+---------+---------+-------
        D:1 |      27 |       0 |   0.0 |      15 |       0 |   0.0
        D:2 |      69 |       0 |   0.0 |      28 |       0 |   0.0
        D:3 |      69 |     421 |  85.9 |      15 |       7 |  31.8
        D:4 |     351 |       0 |   0.0 |      12 |       0 |   0.0
        D:5 |     288 |       0 |   0.0 |       4 |       0 |   0.0
      Sewer |       0 |     590 | 100.0 |       0 |      28 | 100.0
            +---------+---------+-------+---------+---------+-------

Levels and vault maps discovered:
D:1:      mainiacjoe_arrival_reflecting_pool, layout_rooms, minmay_liquid_box
D:2:      layout_basic, nicolae_tso_swordbearing_angel, minmay_misc_feat_doors,
          minmay_stone_trees_medium, minmay_splitting_lines
D:3:      layout_loops_ring, cheibrodos_sewer_entry_sluice, uniq_sigmund,
          uniq_ijyb, uniq_grinder
D:4:      layout_basic, first_ration
D:5:      layout_gridville, minmay_temple_entry_statues_fountains

Table legend:
 A = Turns spent in this place as a percentage of turns spent in the entire game.
 B = Non-inter-level travel turns spent in this place as a percentage of non-inter-level travel turns spent in the entire game.
 C = Inter-level travel turns spent in this place as a percentage of turns spent in this place.
 D = Turns resting spent in this place as a percentage of non-inter-level travel turns spent in this place.
 E = Turns spent auto-exploring this place as a percentage of non-inter-level travel turns spent in this place.
 F = Non-inter-level travel turns spent in this place divided by the number of levels of this place that you've seen.
                   A       B       C       D       E      F
               +-------+-------+-------+-------+-------+----------------------
         Total | 100.0 | 100.0 |   1.1 |  43.2 |  33.6 | 1000.3
       Dungeon |  71.9 |  71.6 |   1.5 |  39.3 |  37.0 | 859.4
         Sewer |  28.1 |  28.4 |   0.0 |  53.1 |  24.9 | 1705.0
               +-------+-------+-------+-------+-------+----------------------

Table legend:
 A = Kills in this place as a percentage of kills in entire the game.
 B = Kills by you in this place as a percentage of kills by you in the entire game.
 C = Kills by friends in this place as a percentage of kills by friends in the entire game.
 D = Other kills in this place as a percentage of other kills in the entire game.
 E = Experience gained in this place as a percentage of experience gained in the entire game.
 F = Experience gained in this place divided by the number of levels of this place that you have seen.
                   A       B       C       D       E      F
               +-------+-------+-------+-------+-------+----------------------
         Total | 100.0 | 100.0 | 100.0 | 100.0 | 100.0 | 302.5
       Dungeon |  74.3 |  77.9 |  63.3 | 100.0 |  67.5 | 245.0
         Sewer |  25.7 |  22.1 |  36.7 |   0.0 |  32.5 | 590.0
               +-------+-------+-------+-------+-------+----------------------
